AoeStats
← Charlitos22

Arena

507615618Analyzed
1v1 RM · 14d ago on Sep 19, 2026· 55m 56s· 2 players
Game mode
Random Map
Map size
Tiny (2 player)
Population
200
Speed
Normal
Resources
Standard
Victory
Conquest
Starting age
Dark Age
Ending age
Imperial Age
RankedLock teamsTeams togetherTeam positionsShared explorationLock speedFull tech treeHidden civsTurbo modeCheats
Victory
Defeat
🇨🇱 Britons · Chile
689
+15
🇷🇸 Bohemians · Serbia
666
-15
morecikaboco
9:06 Loom
12:32 Feudal Age
13:10 Double-Bit Axe
13:56 Horse Collar
14:56 Wheelbarrow
16:06 Town Watch
19:47 Castle Age
20:45 Heavy Plow
20:59 Bow Saw
21:56 Hand Cart
21:26 Pikeman
22:06 Squires
22:11 Elite Skirmisher
25:26 Town Patrol
26:52 Arson
27:47 Forging
27:38 Scale Mail Armor
33:19 Imperial Age
32:25 Wagenburg Tactics
33:52 Ballistics
33:35 Fletching
35:08 Two-Man Saw
35:21 Chemistry
35:21 Bodkin Arrow
35:33 Scale Barding Armor
38:44 Conscription
39:34 Onager
44:24 Light Cavalry
44:41 Halberdier
Charlitos22
10:21 Feudal Age
15:11 Castle Age
14:03 Double-Bit Axe
14:01 Horse Collar
15:29 Stone Mining
17:27 Loom
19:59 Fervor
20:22 Town Watch
20:47 Gold Mining
23:35 Bow Saw
25:02 Wheelbarrow
25:35 Gold Shaft Mining
25:33 Heavy Plow
29:06 Imperial Age
28:25 Hand Cart
28:14 Town Patrol
29:05 Treadmill Crane
29:46 Ballistics
31:34 Two-Man Saw
32:46 Crossbowman
33:41 Arbalester
34:42 Fletching
34:52 Padded Archer Armor
39:48 Chemistry
38:23 Onager
46:37 Light Cavalry
47:04 Cavalier
48:05 Scale Barding Armor
48:10 Forging
48:01 Scale Mail Armor
50:11 Yeomen
49:53 Warwolf
53:51 Iron Casting
53:37 Chain Barding Armor
Connection lost

Rejoining the realm…

Still unreachable

The connection could not be restored.

Session expired

The server has moved on; the page needs a fresh start.